 Dungeon Crawl Stone Soup version 0.26-a0-810-ge1a9524b62 (webtiles) character file.

Game seed: 4486566708945980016

9396 muata the Severer (level 11, 0/99 HPs)
             Began as a Minotaur Berserker on Nov 12, 2020.
             Was an Elder of Trog.
             Slain by a seven-headed hydra (6 damage)
             ... on level 11 of the Dungeon.
             The game lasted 00:37:18 (10531 turns).

muata the Severer (Minotaur Berserker)             Turns: 10531, Time: 00:37:19

Health: 0/99       AC: 13    Str: 24    XL:     11   Next: 22%
Magic:  10/10      EV: 11    Int:  4    God:    Trog [****..]
Gold:   1039       SH:  0    Dex: 16    Spells: 10/10 levels left

rFire    . . .     SeeInvis .   L - +0 war axe
rCold    . . .     Faith    .   (no shield)
rNeg     . . .     Spirit   .   H - +0 scale mail of Uhephuek {Dex+5} (curse)
rPois    .         Reflect  .   (helmet restricted)
rElec    .         Harm     .   k - +0 cloak
rCorr    .         Rampage  .   (no gloves)
MR       ++...                  y - +2 pair of boots
Stlth    ..........             (no amulet)
HPRegen  1.26/turn              (no ring)
MPRegen  0.12/turn              (no ring)

@: berserk cooldown, regenerating, slowed, very slow
A: retaliatory headbutt, horns 2
a: Berserk, Trog's Hand, Brothers in Arms, Renounce Religion


You were on level 11 of the Dungeon.
You worshipped Trog.
Trog was greatly pleased with you.
You visited 1 branch of the dungeon, and saw 12 of its levels.

You collected 1039 gold pieces.

Inventory:

Hand Weapons
 a - a +0 hand axe
 G - a +0 broad axe
 L - a +0 war axe (weapon)
Missiles
 t - 60 poisoned darts
 F - 4 throwing nets (quivered)
 T - 8 atropa-tipped darts
Armour
 b - a +0 animal skin
 c - a +0 scale mail
 k - a +0 cloak (worn)
 y - a +2 pair of boots (worn)
 H - the cursed +0 scale mail of Uhephuek (worn) {Dex+5}
   (You found it on level 6 of the Dungeon)

   It affects your dexterity (+5).
   It has a curse placed upon it.
Jewellery
 h - an uncursed ring of protection from magic {unknown}
 j - an uncursed ring of see invisible {unknown}
 o - a cursed ring of attention {unknown}
 p - an uncursed ring of stealth {unknown}
 v - an uncursed amulet of reflection {unknown}
 w - a cursed ring of teleportation {unknown}
 K - a cursed ring of teleportation {unknown}
 S - an uncursed ring of wizardry {unknown}
Wands
 A - a wand of iceblast (15)
 M - a wand of polymorph (8)
 R - a wand of digging (11)
Scrolls
 d - 3 scrolls of magic mapping
 g - a scroll of noise {unknown}
 i - 3 scrolls of immolation
 n - a scroll of random uselessness {unknown}
 r - 3 scrolls of fog
 s - 2 scrolls of fear {unknown}
 u - a scroll of amnesia {unknown}
 x - 4 scrolls of enchant weapon
 B - a scroll of remove curse {unknown}
 D - 2 scrolls of blinking
 J - 9 scrolls of teleportation
 N - 3 scrolls of identify
Potions
 e - 3 potions of curing
 f - 4 potions of cancellation
 l - 6 potions of brilliance
 m - 2 potions of resistance
 q - 3 potions of flight
 z - a potion of lignification {unknown}
 C - 2 potions of heal wounds {unknown}
 E - a potion of might {unknown}
 I - a potion of ambrosia {unknown}
 O - a potion of berserk rage {unknown}
 P - a potion of attraction {unknown}
 Q - 3 potions of magic {unknown}
 U - a potion of invisibility {unknown}


   Skills:
 * Level 9.6 Fighting
 + Level 16.2 Axes
 * Level 9.0 Armour
 - Level 2.2 Dodging


You had 10 spell levels left.
You didn't know any spells.
Your spell library was empty.

Dungeon Overview and Level Annotations

Branches:
Dungeon (12/15)            Temple (0/1) D:5            Lair (0/6) D:10
    Orc (0/2) D:10

Altars:
Ashenzari
Elyvilon
Gozag
Kikubaaqudgha
Ru
Uskayaw
Xom
The Shining One

Shops:
D:6 [


Innate Abilities, Weirdness & Mutations

You reflexively headbutt those who attack you in melee.
You have a pair of horns on your head.


Message History

The six-headed hydra misses you. x2
The six-headed hydra bites you but does no damage.
The six-headed hydra bites you!
You slice one of the six-headed hydra's heads off!
The five-headed hydra grows two more!
You slice the seven-headed hydra!!
The seven-headed hydra is heavily wounded.
The seven-headed hydra bites you but does no damage.
The seven-headed hydra bites you. x5
* * * LOW HITPOINT WARNING * * *
The seven-headed hydra bites you.
* * * LOW HITPOINT WARNING * * *
You fail to use your ability.
The seven-headed hydra bites you!
* * * LOW HITPOINT WARNING * * *
The seven-headed hydra bites you but does no damage.
The seven-headed hydra bites you.
* * * LOW HITPOINT WARNING * * *
The seven-headed hydra bites you but does no damage.
The seven-headed hydra closely misses you.
The seven-headed hydra bites you.
You die...

.....'.# #.#........#........#)
.....#.# #.#........#........#.
.....#.#####.#........#........#.
######.......##########........##
.................................
.................................
....................###..........
...######...........###..####....
#..# #......D@........# #....
#..# #................####....
...######........................
.................................
.................................
#################################


You could see a seven-headed hydra.

Vanquished Creatures
  A two-headed ogre (D:7)
  A cyclops (D:11)
  A kobold demonologist (D:12)
  A komodo dragon (D:11)
  4 trolls
  A wyvern (D:10)
  A wraith (D:11)
  10 yaks
  A basilisk (D:10)
  An acid dragon (D:11)
  A sky beast (D:10)
  2 phantoms
  2 black bears
  2 ice beasts
  A necrophage (D:4)
  3 ogres
  A wolf (D:5)
  4 centaurs
  A big kobold (D:12)
  6 bullfrogs
  2 gnoll sergeants (D:5)
  A water moccasin skeleton (D:5)
  A scorpion (D:5)
  A howler monkey (D:7)
  4 wights (D:6)
  9 hounds
  3 jellies
  2 centaur zombies
  2 bullfrog skeletons
  4 gnoll shamans (D:5)
  2 orc priests
  6 orc wizards
  2 iguanas
  2 centaur skeletons
  9 worker ants
  A hound skeleton (D:4)
  3 worker ant zombies (D:5)
  23 gnolls
  17 adders
  A shadow imp (D:6)
  2 white imps (D:6)
  2 ufetubi
  2 oozes
  2 adder zombies
  An adder skeleton (D:6)
  4 worms
  A dart slug (D:3)
  8 leopard geckos
  16 orcs
  3 ball pythons
  7 bats
  4 giant cockroaches
  5 goblins
  13 hobgoblins
  11 jackals
  5 quokkas
  5 frilled lizards
  2 jackal skeletons
  13 kobolds
  A leopard gecko skeleton (D:6)
  7 rats
254 creatures vanquished.

Vanquished Creatures (collateral kills)
  Snorg (D:11)
  A two-headed ogre (D:11)
  A cyclops (D:11)
  Psyche (D:11)
  A centaur (D:7)
  An adder (D:7)
  A quokka (D:7)
7 creatures vanquished.

Grand Total: 261 creatures vanquished

Notes
Turn   | Place    | Note
-------+----------+-------------------------------------------
     0 | D:1      | muata the Minotaur Berserker began the quest for the Orb.
     0 | D:1      | Reached XP level 1. HP: 19/19 MP: 0/0
   131 | D:1      | Reached XP level 2. HP: 27/27 MP: 1/1
   269 | D:1      | Reached skill level 4 in Axes
   438 | D:1      | Reached XP level 3. HP: 33/33 MP: 2/2
   441 | D:1      | Reached ** piety under Trog
  1580 | D:3      | Reached XP level 4. HP: 41/41 MP: 3/3
  1801 | D:3      | Reached skill level 5 in Axes
  1980 | D:3      | Noticed a centaur
  1986 | D:3      | Reached XP level 5. HP: 47/47 MP: 4/4
  1990 | D:3      | Killed a centaur
  1990 | D:3      | Reached skill level 5 in Fighting
  2095 | D:3      | Noticed a centaur
  2106 | D:3      | Killed a centaur
  2106 | D:3      | Reached XP level 6. HP: 35/56 MP: 5/5
  2328 | D:3      | Found a faded altar of an unknown god.
  2555 | D:4      | Reached skill level 5 in Armour
  2591 | D:4      | Reached *** piety under Trog
  2605 | D:4      | Reached skill level 6 in Axes
  2607 | D:4      | Reached XP level 7. HP: 45/63 MP: 6/6
  2736 | D:4      | Found an opulent altar of Gozag.
  3320 | D:5      | Entered Level 5 of the Dungeon
  3400 | D:5      | Reached skill level 7 in Axes
  3421 | D:5      | Found a hide-covered altar of Uskayaw.
  3481 | D:5      | Found a staircase to the Ecumenical Temple.
  3745 | D:5      | Reached XP level 8. HP: 69/73 MP: 7/7
  3949 | D:5      | Reached **** piety under Trog
  4176 | D:5      | Reached skill level 8 in Axes
  4284 | D:5      | Found a broken altar of Ashenzari.
  5172 | D:6      | Reached skill level 9 in Axes
  5172 | D:6      | Reached XP level 9. HP: 74/82 MP: 8/8
  5183 | D:6      | Got a slimy scale mail
  5194 | D:6      | Identified the cursed +0 scale mail of Uhephuek {Dex+5}
                  | (You found it on level 6 of the Dungeon)
  5544 | D:6      | Found Jairph Puawn's Antique Armour Shoppe.
  5700 | D:6      | Reached skill level 10 in Axes
  5876 | D:6      | Found a sacrificial altar of Ru.
  6069 | D:7      | Reached ***** piety under Trog
  6268 | D:7      | Noticed a two-headed ogre
  6277 | D:7      | Killed a two-headed ogre
  6277 | D:7      | Reached skill level 11 in Axes
  6420 | D:7      | Reached skill level 12 in Axes
  7074 | D:8      | Found a glowing golden altar of the Shining One.
  7225 | D:9      | Found a shimmering altar of Xom.
  7332 | D:9      | Found a sacrificial altar of Ru.
  7471 | D:9      | Found a white marble altar of Elyvilon.
  7632 | D:9      | Found an ancient bone altar of Kikubaaqudgha.
  7824 | D:10     | Entered Level 10 of the Dungeon
  7835 | D:9      | Reached XP level 10. HP: 45/91 MP: 9/9
  8028 | D:9      | Reached skill level 13 in Axes
  8246 | D:10     | Found a staircase to the Orcish Mines.
  8773 | D:10     | Reached skill level 14 in Axes
  8904 | D:10     | Found a staircase to the Lair.
  9147 | D:11     | Reached skill level 15 in Axes
  9196 | D:11     | Noticed a cyclops
  9213 | D:11     | Killed a cyclops
  9448 | D:11     | Noticed Snorg
  9459 | D:11     | Killed Snorg
  9659 | D:11     | Noticed a two-headed ogre
  9664 | D:11     | Noticed a cyclops
  9667 | D:11     | Killed a two-headed ogre
  9667 | D:11     | Reached skill level 16 in Axes
  9667 | D:11     | Reached XP level 11. HP: 70/97 MP: 10/10
 10287 | D:11     | Noticed Psyche
 10291 | D:11     | Killed Psyche
 10511 | D:12     | Noticed a four-headed hydra
 10531 | D:11     | Slain by a seven-headed hydra

Illustrated notes

Levels and vault maps discovered:
D:1:      dpeg_arrival_rooms_with_view, layout_loops_ring
D:2:      layout_loops_cross
D:3:      layout_loops_ring, chequers_ecumenical_altar_grove
D:4:      layout_basic, kennysheep_mini_moat, portal_sewer_entry_b,
          lemuel_old_faithful
D:5:      layout_cave_pools, overflow_temple_1_default, lemuel_doored_altar,
          minmay_temple_entry_sparse_star, serial_gnoll_camp,
          gnoll_camp_mini_loothouse, gnoll_camp_huts_moat, gnoll_camp_mini_hut,
          gnoll_camp_mini_hut, gnoll_camp_mini_hut, gnoll_camp_mini_hut,
          minmay_pentangle
D:6:      layout_loops_ring, basic_altar, serial_shops, shop_coins
D:7:      layout_basic
D:8:      layout_basic, lemuel_round_altar
D:9:      layout_small_grid, nicolae_overflow_crystal_walls,
          overflow_temple_1_default, kiku_gazebo_pond_becter,
          nicolae_ru_path_of_blood
D:10:     layout_loops_ring, david_lair_generic, orc_0_dummy
D:11:     layout_stronghold, uniq_snorg, uniq_psyche
D:12:     layout_roguey, uniq_josephine

Skill      XL: |  1  2  3  4  5  6  7  8  9 10 11 |
---------------+----------------------------------+-----
Axes           | 4 5 6 7 9 12 16 | 16.2
Fighting       | 4 5 6 7 8 9 |  9.6
Armour         | 3 4 5 6 8 9 |  9.0
Dodging        | |  2.2

Action                   |  1- 3 |  4- 6 |  7- 9 | 10-12 || total
-------------------------+-------+-------+-------+-------++-------
Melee: Hand axe          |    96 |    74 |   349 |       ||   519
       Headbutt          |    18 |    17 |   105 |    45 ||   185
       War axe           |       |       |    97 |   136 ||   233
Throw: Dart              |       |     2 |     4 |       ||     6
Invok: Berserk           |       |     3 |     6 |     9 ||    18
       Trog's Hand       |       |     1 |     5 |     4 ||    10
       Brothers in Arms  |       |       |     1 |     4 ||     5
  Use: Scroll            |     5 |       |     6 |       ||    11
Armor: Scale mail        |    44 |    42 |   212 |    68 ||   366
Dodge: Dodged            |    53 |    40 |   229 |    73 ||   395

Table legend: (Time is in decaauts)
 A = Elapsed time spent in this place.
 B = Non-inter-level travel time spent in this place.
 C = Inter-level travel time spent in this place.
 D = Time resting spent in this place.
 E = Time spent auto-exploring this place.
 F = Levels seen in this place.
 G = Mean time per level.
                   A        B        C        D        E       F      G
               +--------+--------+--------+--------+--------+-----+--------+
         Total |  10642 |  10140 |    502 |   1447 |   6074 |  12 |  886.8 |
       Dungeon |  10642 |  10140 |    502 |   1447 |   6074 |  12 |  886.8 |
               +--------+--------+--------+--------+--------+-----+--------+

Top non-repeatable levels by time:
     D:5: 1841 daAuts
    D:11: 1390 daAuts
     D:9: 1130 daAuts
     D:3: 981 daAuts
     D:6: 898 daAuts
     D:4: 817 daAuts
     D:2: 797 daAuts
     D:1: 778 daAuts
    D:10: 753 daAuts
     D:8: 532 daAuts
     D:7: 515 daAuts
    D:12: 206 daAuts
